 Dungeon Crawl Stone Soup version 0.22-a0-782-g038298e (webtiles) character file.

4737 Hebeh the Thaumaturge (level 10, -1/50 HPs)
             Began as a Deep Elf Conjurer on July 19, 2018.
             Was a Believer of Vehumet.
             Slain by a manticore (4 damage)
             ... on level 10 of the Dungeon.
             The game lasted 01:06:54 (14362 turns).

Hebeh the Thaumaturge (Deep Elf Conjurer)          Turns: 14362, Time: 01:06:56

Health: -1/50      AC:  6    Str:  5    XL:     10   Next: 22%
Magic:  11/27      EV: 17    Int: 29    God:    Vehumet [**....]
Gold:   338        SH:  2    Dex: 15    Spells: 15/32 levels left

rFire    . . .     SeeInvis .   a - +8 mace "Ytacs" {venom, Int+5}
rCold    . . .     Gourm    .   (no shield)
rNeg     + . .     Faith    .   p - +0 robe
rPois    .         Spirit   .   (no helmet)
rElec    .         Reflect  +   H - +0 cloak
rCorr    .         Harm     .   C - +2 pair of gloves
MR       +....                  (no boots)
Stlth    ++........             l - +2 amulet of reflection
HPRegen  0.16/turn              k - ring of positive energy
MPRegen  0.20/turn              D - +4 ring of evasion

@: no status effects
A: no striking features
a: Renounce Religion


You were on level 10 of the Dungeon.
You worshipped Vehumet.
Vehumet was pleased with you.
You were hungry.

You visited 2 branches of the dungeon, and saw 11 of its levels.

You collected 480 gold pieces.
You spent 142 gold pieces at shops.

Inventory:

Hand Weapons
 a - the +8 mace "Ytacs" (weapon) {venom, Int+5}
   (You found it on level 7 of the Dungeon)

   It poisons the flesh of those it strikes.
   It affects your intelligence (+5).
 b - a +0 hunting sling
Missiles
 n - 22 tomahawks (quivered)
 x - 75 arrows
 F - 25 sling bullets
Armour
 p - a +0 robe (worn)
 C - a +2 pair of gloves (worn)
 H - a +0 cloak (worn)
Jewellery
 k - a ring of positive energy (left hand)
 l - a +2 amulet of reflection (around neck)
 D - a +4 ring of evasion (right hand)
 L - an uncursed ring of protection from cold
 M - an uncursed ring of see invisible
Wands
 y - a wand of random effects (45)
 A - a wand of digging (22)
 E - a wand of paralysis (15)
 K - a wand of polymorph (13)
 O - a wand of flame (39)
Scrolls
 e - 2 scrolls of immolation {unknown}
 g - a scroll of enchant weapon
 j - 2 scrolls of enchant armour
 m - a scroll of fog
 s - 3 scrolls of teleportation
 t - 2 scrolls of remove curse
 u - 3 scrolls of random uselessness {unknown}
 I - 2 scrolls of identify
 P - a scroll of vulnerability {unknown}
Potions
 d - 2 potions of heal wounds
 f - 2 potions of flight
 h - 7 potions of curing
 o - a potion of ambrosia {unknown}
 q - a potion of resistance
 z - a potion of brilliance
 B - 2 potions of lignification
 G - a potion of invisibility
Comestibles
 c - 14 rations


   Skills:
 - Level 2.4 Dodging
 - Level 2.4 Stealth
 + Level 11.9 Spellcasting
 + Level 11.1 Conjurations
 + Level 6.3 Hexes
 - Level 6.0 Translocations


You had 15 spell levels left.
You knew the following spells:

 Your Spells              Type           Power        Failure   Level  Hunger
a - Magic Dart            Conj           ####         1%          1    None
b - Iskenderun's Mystic   Conj           ######..     1%          4    None
c - Searing Ray           Conj           ######       1%          2    None
d - Force Lance           Conj/Tloc      ######..     1%          4    None
e - Gell's Gravitas       Tloc           ######....   1%          3    None
k - Confuse               Hex            ######..     1%          3    None

Your spell library contained the following spells:

 Spells                   Type           Power        Failure   Level  Hunger
 Confusing Touch          Hex            ######       1%          1    None
 Metabolic Englaciation   Hex/Ice        #####.....   22%         5    ##.....
 Petrify                  Tmut/Erth      ###.....     30%         4    None
 Fulminant Prism          Conj/Hex       ######....   1%          4    None
 Dazzling Spray           Conj/Hex       ######       1%          3    None
 Yara's Violent Unravell  Hex/Tmut       #####.....   22%         5    ##.....


Dungeon Overview and Level Annotations

Branches:
Dungeon (10/15)            Temple (1/1) D:7             Orc (0/2) D:9
   Lair: D:8-11

Altars:
Ashenzari
Cheibriados
Dithmenos
Elyvilon
Fedhas
Gozag
Hepliaklqana
Kikubaaqudgha
Makhleb
Nemelex Xobeh
Okawaru
Qazlal
Ru
Sif Muna
Trog
Uskayaw
Vehumet
Wu Jian
Xom
Yredelemnul
Zin
The Shining One

Shops:
D:5 [   D:6 }   D:8 ***!   D:9 (:!*

Annotations:
D:6 1 runed door
D:7 1 runed door
D:8 3 runed doors


Message History

The mystic blast hits the manticore.
The manticore is heavily wounded.
Casting: Iskenderun's Mystic Blast (safe; 1% risk of failure)
Confirm with . or Enter, or press ? or * to list all spells.
Aiming: Iskenderun's Mystic Blast (safe; 1% risk of failure)
Press: ? - help, Shift-Dir - straight line, f - manticore
Aim: a manticore (heavily wounded)
The orb of energy hits the manticore.
The manticore is almost dead.
The orb of energy explodes!
The mystic blast hits the hound.
You kill the hound!
Vehumet accepts your kill.
You feel your power returning.
You hear a howl!
A hound comes into view.
The manticore bites you!!
* * * LOW HITPOINT WARNING * * *
The hound barks!
The manticore claws you.
You die...

#...........#
#....########
#....# ###'#####
##########.)...#
..........>###.##
###.######## #..#
##.## #†@# ##H#
#Y# .Y. .h..
.≈.... .≈≈...#
≈.≈h≈≈.#


You could see a manticore, 2 yaks and 2 hounds.

Vanquished Creatures
  A troll (D:10)
  A hippogriff (D:7)
  A spriggan (D:7)
  2 yaks (D:10)
  Menkaure (D:7)
  A soldier ant (D:10)
  A swamp drake (D:9)
  3 ice beasts
  7 ogres
  3 orc warriors
  A sky beast (D:6)
  2 wolves (D:10)
  A centaur (D:9)
  A crocodile (D:7)
  5 bullfrogs
  2 electric eels (D:9)
  2 howler monkeys
  2 centaur zombies
  A crimson imp (D:7)
  4 hounds
  10 orc wizards
  Crazy Yiuf (D:7)
  A bullfrog skeleton (D:8)
  A centaur skeleton (D:7)
  5 orc priests
  An iguana (D:6)
  9 worker ants
  4 hound skeletons
  14 adders
  A shadow imp (D:5)
  An ooze (D:3)
  2 adder skeletons
  A worm (D:5)
  4 dart slugs
  5 leopard geckos
  37 orcs
  8 giant cockroaches
  5 goblins
  2 hobgoblins
  4 jackals (D:6)
  5 quokkas
  A ball python (D:1)
  A ball python skeleton (D:4)
  6 bats
  5 frilled lizards
  A jackal skeleton (D:5)
  5 kobolds
  A leopard gecko skeleton (D:6)
  A quokka skeleton (D:5)
  6 rats
190 creatures vanquished.

Vanquished Creatures (others)
  Joseph (D:7)
  An orc (D:7)
2 creatures vanquished.

Grand Total: 192 creatures vanquished

Notes
Turn   | Place    | Note
-------+----------+-------------------------------------------
     0 | D:1      | Hebeh the Deep Elf Conjurer began the quest for the Orb.
     0 | D:1      | Reached XP level 1. HP: 10/10 MP: 6/6
   437 | D:1      | Reached XP level 2. HP: 15/15 MP: 6/8
   824 | D:1      | Reached skill level 5 in Conjurations
  1105 | D:2      | Reached XP level 3. HP: 19/19 MP: 3/10
  1166 | D:2      | Learned a level 2 spell: Searing Ray
  1333 | D:2      | Reached XP level 4. HP: 24/24 MP: 7/12
  1350 | D:2      | Learned a level 4 spell: Iskenderun's Mystic Blast
  1355 | D:2      | Learned a level 4 spell: Force Lance
  2051 | D:3      | Reached skill level 1 in Translocations
  2358 | D:3      | Noticed a bullfrog
  2360 | D:3      | Killed a bullfrog
  2360 | D:3      | Reached skill level 5 in Spellcasting
  2360 | D:3      | Reached XP level 5. HP: 28/28 MP: 4/14
  2550 | D:3      | Found an opulent altar of Gozag.
  2757 | D:3      | Reached XP level 6. HP: 32/32 MP: 5/16
  3906 | D:4      | Reached XP level 7. HP: 36/36 MP: 5/18
  4398 | D:5      | Entered Level 5 of the Dungeon
  4730 | D:5      | Found Kiakid's Antique Armour Shoppe.
  5028 | D:5      | Found an opulent altar of Gozag.
  5029 | D:5      | Found a sparkling altar of Nemelex Xobeh.
  5608 | D:5      | Found a radiant altar of Vehumet.
  5608 | D:5      | Found a shadowy altar of Dithmenos.
  5956 | D:5      | Became a worshipper of Vehumet
  6328 | D:5      | Bought an embroidered robe for 77 gold pieces
  6528 | D:6      | Found Kowefewuri's Gadget Emporium.
  6754 | D:6      | Reached skill level 5 in Translocations
  6754 | D:6      | Reached XP level 8. HP: 41/41 MP: 8/21
  7290 | D:6      | Found a glowing silver altar of Zin.
  7291 | D:6      | Found a runed door.
  7291 | D:6      | Noticed an angel
  8204 | D:7      | Noticed Menkaure
  8279 | D:7      | Killed Menkaure
  8520 | D:7      | Reached XP level 9. HP: 45/45 MP: 16/24
  8628 | D:7      | Found a runed door.
  8748 | D:7      | Reached skill level 10 in Spellcasting
  8816 | D:7      | Reached * piety under Vehumet
  8816 | D:7      | Offered knowledge of Freeze by Vehumet.
  8934 | D:7      | Learned a level 3 spell: Confuse
  8938 | D:7      | Learned a level 3 spell: Gell's Gravitas
  9061 | D:7      | Reached skill level 1 in Hexes
  9442 | D:7      | Found a staircase to the Ecumenical Temple.
  9459 | Temple   | Entered the Ecumenical Temple
  9677 | D:7      | Noticed Joseph
  9801 | D:7      | Reached skill level 10 in Conjurations
 10336 | D:7      | Killed Joseph
 10673 | D:7      | Found a runed door.
 10767 | D:7      | Found a staircase to the Ecumenical Temple.
 10804 | D:7      | Noticed Crazy Yiuf
 10807 | D:7      | Killed Crazy Yiuf
 10874 | D:7      | Got a twisted mace
 10875 | D:7      | Identified the +8 mace "Ytacs" {venom, Int+5} (You found it on level 7 of the Dungeon)
 11135 | D:8      | Found Mahuipeu's Assorted Antiques.
 11164 | D:8      | Found Makistru's General Store.
 11172 | D:8      | Bought a potion of heal wounds for 65 gold pieces
 11209 | D:8      | Found Gooff's Distillery.
 11455 | D:8      | Found a runed gate.
 11455 | D:8      | Found a runed gate.
 11457 | D:8      | Found a runed gate.
 11458 | D:8      | Noticed a white ugly thing
 11458 | D:8      | Noticed a cyan ugly thing
 11458 | D:8      | Noticed a red very ugly thing
 11459 | D:8      | Noticed a purple ugly thing
 11465 | D:8      | Noticed a red ugly thing
 11671 | D:8      | Found Miwipn's General Store.
 11743 | D:9      | Found Susicw Muth's Antique Weapon Emporium.
 11785 | D:9      | Found Anlexoh's Distillery.
 12215 | D:9      | Found Poqoim's Assorted Antiques.
 12307 | D:9      | Found Vahoisadgh's Book Shop.
 12855 | D:9      | Found a blossoming altar of Fedhas.
 12855 | D:9      | Found a glowing silver altar of Zin.
 13265 | D:9      | Reached skill level 5 in Hexes
 13451 | D:9      | Found a staircase to the Orcish Mines.
 13731 | D:9      | Reached XP level 10. HP: 41/50 MP: 0/27
 14046 | D:10     | Entered Level 10 of the Dungeon
 14354 | D:10     | Noticed a manticore
 14361 | D:10     | Reached ** piety under Vehumet
 14361 | D:10     | Offered knowledge of Flame Tongue by Vehumet.
 14362 | D:10     | Slain by a manticore

Vault maps used:
D:1:      mushboom_english_gardens
D:3:      nicolae_gozag_cash_rules_everything_around_me
D:4:      serial_glass, glass_columns_a, glass_columns_b, first_ration
D:5:      grunt_temple_overflow_opulence, amethyst_overflow_temple_binary,
          serial_shops, shop, bh_walls_and_bars
D:6:      serial_shops, shop, lemuel_angel_altar
D:7:      lemuel_temple_firewalk_b, st_stairs_9, the_bakery, uniq_menkaure,
          uniq_crazy_yiuf_cottage, uniq_joseph
D:8:      serial_shops, shop, kennysheep_mini, shop, shop,
          ploomutoo_gammafunk_ghost_potion_laboratory
D:9:      gammafunk_temple_overflow_elements, erik_orc_1, serial_shops,
          shop_statue, shop_statue, nicolae_shop_stone, shop,
          serial_bayou_lake_a
D:10:     hangedman_screamer, erik_lair_island, basic_altar
Temple:   eino_temple_rhombus

Skill      XL: |  1  2  3  4  5  6  7  8  9 10 |
---------------+-------------------------------+-----
Conjurations   | 5 6 7 9 10 11 | 11.1
Spellcasting   | 4 5 6 7 9 11 | 11.9
Translocations | 1 2 3 5 6 |  6.0
Hexes          | 5 6 |  6.3
Dodging        | |  2.4
Stealth        | |  2.4

Action                   |  1- 3 |  4- 6 |  7- 9 | 10-12 || total
-------------------------+-------+-------+-------+-------++-------
Melee: Short sword       |       |       |    22 |       ||    22
       Mace              |       |       |     1 |       ||     1
 Fire: Hunting sling     |       |       |     1 |       ||     1
 Cast: Magic Dart        |    48 |    85 |   200 |     4 ||   337
       Searing Ray       |     1 |     8 |    21 |     4 ||    34
       Iskenderun's Myst |       |     7 |    83 |    15 ||   105
       Confuse           |       |       |     6 |       ||     6
       Gell's Gravitas   |       |       |     2 |     1 ||     3
       Force Lance       |       |       |     1 |     2 ||     3
  Use: Scroll            |       |       |    20 |       ||    20
       Potion            |       |       |     1 |     1 ||     2
  Eat: Chunk             |     1 |     9 |    12 |       ||    22
       Ration            |       |       |     6 |       ||     6
Armor: Robe              |       |     6 |    13 |     1 ||    20
Dodge: Dodged            |     7 |    10 |    69 |     4 ||    90
Block: Other             |       |       |     3 |       ||     3
       Reflection        |       |       |     2 |       ||     2

Table legend:
 A = Spawn XP
 B = Non-spawn XP
 C = Spawn XP percentage of total XP
 D = Spawn monster count
 E = Non-spawn monster count
 F = Spawn count percentage of total count
 G = Total turns spent on level
                    A         B        C        D         E        F      G
               +---------+---------+-------+---------+---------+-------+---------
         Total |       0 |    6768 |   0.0 |       0 |     191 |   0.0 | 14362
               +---------+---------+-------+---------+---------+-------+---------
           D:1 |       0 |      28 |   0.0 |       0 |      17 |   0.0 |   981
           D:2 |       0 |     102 |   0.0 |       0 |      14 |   0.0 |   954
           D:3 |       0 |     372 |   0.0 |       0 |      32 |   0.0 |  1558
           D:4 |       0 |     444 |   0.0 |       0 |      15 |   0.0 |   905
           D:5 |       0 |     208 |   0.0 |       0 |      16 |   0.0 |  2049
           D:6 |       0 |     795 |   0.0 |       0 |      31 |   0.0 |  1844
           D:7 |       0 |    2357 |   0.0 |       0 |      25 |   0.0 |  2450
           D:8 |       0 |      41 |   0.0 |       0 |       1 |   0.0 |   826
           D:9 |       0 |    1251 |   0.0 |       0 |      32 |   0.0 |  2303
          D:10 |       0 |    1170 |   0.0 |       0 |       8 |   0.0 |   316
               +---------+---------+-------+---------+---------+-------+---------
